 Dungeon Crawl Stone Soup version 0.25.1-2-g60ff931df9 (webtiles) character file.

Game seed: 10020916944834782001

7186 Sobieck the Protected (level 11, -11/90 HPs)
             Began as a Barachi Hunter on Oct 15, 2020.
             Was an Elder of Okawaru.
             Mangled by a crocodile (13 damage)
             ... on level 2 of the Lair of Beasts.
             The game lasted 00:36:29 (13935 turns).

Sobieck the Protected (Barachi Hunter)             Turns: 13935, Time: 00:36:30

Health: -11/90     AC: 18    Str: 16    XL:     11   Next: 11%
Magic:  14/14      EV: 11    Int: 11    God:    Okawaru [****..]
Gold:   299        SH:  0    Dex: 14    Spells: 10/10 levels left

rFire    . . .     SeeInvis +   a - +1 hand crossbow
rCold    + . .     Gourm    .   (no shield)
rNeg     . . .     Faith    .   C - +0 swamp dragon scales
rPois    +         Spirit   .   h - +0 helmet
rElec    .         Reflect  .   g - +1 cloak
rCorr    .         Harm     .   H - +2 pair of gloves
MR       .....                  (no boots)
Stlth    +.........             (no amulet)
HPRegen  0.25/turn              w - ring of see invisible
MPRegen  0.14/turn              i - ring of protection from cold

@: can't hop, slow
A: +LOS, swims, slowness 1, strong legs 1
a: Hop, Heroism, Renounce Religion


You were on level 2 of the Lair of Beasts.
You worshipped Okawaru.
Okawaru was greatly pleased with you.
You were near starving.

You visited 3 branches of the dungeon, and saw 14 of its levels.

You collected 387 gold pieces.
You spent 88 gold pieces at shops.

Inventory:

Hand Weapons
 a - a +1 hand crossbow (weapon)
 b - a +0 hand axe of venom
 o - a +0 short sword
 t - a +0 whip
Missiles
 d - 62 bolts (quivered)
 k - 209 stones
 n - 46 poisoned darts
 p - 3 atropa-tipped darts
 r - 10 javelins
 I - 8 boomerangs
Armour
 g - a +1 cloak (worn)
 h - a +0 helmet (worn)
 A - a +1 scale mail of cold resistance
 C - +0 swamp dragon scales (worn)
 G - a +0 plate armour
 H - a +2 pair of gloves (worn)
Jewellery
 i - a ring of protection from cold (right hand)
 w - a ring of see invisible (left hand)
 P - an uncursed ring of poison resistance
Wands
 K - a wand of disintegration (13)
 N - a wand of paralysis (18)
Scrolls
 l - 5 scrolls of teleportation
 q - 4 scrolls of remove curse
 u - a scroll of silence
 v - 4 scrolls of amnesia
 x - 11 scrolls of identify
 y - a scroll of magic mapping
Potions
 c - a potion of cancellation {unknown}
 e - 3 potions of lignification
 j - a potion of haste {unknown}
 z - 2 potions of brilliance
 B - a potion of might {unknown}
 D - 3 potions of degeneration
 F - a potion of magic
 M - 3 potions of stabbing
Comestibles
 f - 14 rations


   Skills:
 - Level 10.0 Fighting
 - Level 10.0 Crossbows
 - Level 11.0 Armour
 - Level 2.1 Dodging
 - Level 0.8 Stealth
 + Level 4.8 Invocations
 + Level 4.3 Evocations


You had 10 spell levels left.
You didn't know any spells.
Your spell library contained the following spells:

 Spells                   Type           Power        Failure   Level  Hunger
 Animate Skeleton         Necr           N/A          50%         1    ##.....
 Apportation              Tloc           #.....       50%         1    ##.....
 Corona                   Hex            #......      50%         1    ##.....
 Freeze                   Ice            #...         50%         1    ##.....
 Shock                    Conj/Air       #...         50%         1    ##.....
 Summon Small Mammal      Summ           #...         50%         1    ##.....
 Swiftness                Chrm/Air       #.......     65%         2    ###....
 Frozen Ramparts          Ice            #.....       86%         3    ####...
 Ozocubu's Armour         Chrm/Ice       #.......     86%         3    ####...
 Static Discharge         Conj/Air       #.......     86%         3    ####...
 Airstrike                Air            #.........   99%         4    #####..
 Hailstorm                Conj/Ice       #.......     99%         4    #####..
 Summon Ice Beast         Ice/Summ       #.......     99%         4    #####..
 Lightning Bolt           Conj/Air       #.........   100%        5    ######.


Dungeon Overview and Level Annotations

Branches:
Dungeon (10/15)            Temple (1/1) D:4            Lair (3/6) D:10
  Swamp: Lair:2-4    Shoals: Lair:2-4     Snake: Lair:2-4    Spider: Lair:2-4
    Orc: D:9-12

Altars:
Ashenzari
Cheibriados
Dithmenos
Elyvilon
Fedhas
Gozag
Hepliaklqana
Kikubaaqudgha
Makhleb
Nemelex Xobeh
Okawaru
Qazlal
Ru
Sif Muna
Trog
Uskayaw
Vehumet
Wu Jian
Xom
Yredelemnul
Zin
The Shining One

Shops:
D:4 !

Annotations:
D:2 1 runed translucent door, exclusion: downstairs, Crazy Yiuf
Lair:1 exclusion: downstairs


Innate Abilities, Weirdness & Mutations

You can be seen from farther away. (+LOS)
You can swim through water.
You cover ground slowly.
You can hop short distances.


Message History

* * * LOW HITPOINT WARNING * * *
Firing (i - inventory. (/) - cycle)
d - 65 bolts (quivered)
Press: ? - help, Shift-Dir - straight line, f/p - crocodile
Aim: a crocodile (heavily wounded)
You shoot a bolt. The bolt barely misses the crocodile.
The crocodile barely misses you.
Firing (i - inventory. (/) - cycle)
d - 64 bolts (quivered)
Press: ? - help, Shift-Dir - straight line, f/p - crocodile
Aim: a crocodile (heavily wounded)
You shoot a bolt. The bolt hits the crocodile.
The crocodile is severely wounded.
The crocodile bites you.
* * * LOW HITPOINT WARNING * * *
Firing (i - inventory. (/) - cycle)
d - 63 bolts (quivered)
Press: ? - help, Shift-Dir - straight line, f/p - crocodile
Aim: a crocodile (severely wounded)
You shoot a bolt. The bolt hits the crocodile.
The crocodile is severely wounded.
The crocodile bites you!
You die...

........ ..
##...##.. ##
#.### #.. .#####
#### ..##+.#.P#
#..# ##).....#
..⌠ ##........##
.. ...
#........+.##.$..
.#
............>....
.#.## .......t@.#
....# ...(.....##
....# .........#
.#.## #..#.#+.##
..## ## # .# ..#
.. +## .. ... #P.


You could see a crocodile.

Vanquished Creatures
  Urug (Lair:1)
  A black mamba (Lair:1)
  A spiny frog (Lair:1)
  Maggie (D:6)
  A troll (D:9)
  Prince Ribbit (D:7)
  3 blink frogs (Lair:1)
  6 yaks
  Sigmund (D:3)
  A wyvern (D:9)
  Duvessa (D:5)
  2 porcupines (Lair:1)
  2 orc warriors
  A sky beast (D:6)
  3 ice beasts
  5 ogres
  3 centaurs
  A phantom (D:5)
  A crocodile (Lair:1)
  4 bullfrogs
  A wyvern zombie (D:6)
  Dowan (D:5)
  A wyvern skeleton (D:7)
  2 scorpions
  4 wights (D:7)
  A howler monkey (D:6)
  2 crimson imps
  3 orc priests
  8 hounds
  A jelly (D:5)
  A bullfrog skeleton (D:5)
  An iguana (D:5)
  6 orc wizards
  9 worker ants
  Terence (D:2)
  A killer bee zombie (D:9)
  A worker ant zombie (D:5)
  4 gnolls
  10 adders
  3 shadow imps
  2 oozes
  2 adder zombies
  3 adder skeletons
  3 worms
  2 dart slugs (D:1)
  4 leopard geckos
  33 orcs
  5 giant cockroaches
  7 goblins
  7 hobgoblins
  3 quokkas
  2 ball pythons
  6 bats
  4 frilled lizards
  6 kobolds
  A leopard gecko skeleton (D:6)
  10 rats
  7 plants (D:10)
208 creatures vanquished.

Vanquished Creatures (others)
  An orc wizard (D:4)
1 creature vanquished.

Grand Total: 209 creatures vanquished

Notes
Turn   | Place    | Note
-------+----------+-------------------------------------------
     0 | D:1      | Sobieck the Barachi Hunter began the quest for the Orb.
     0 | D:1      | Reached XP level 1. HP: 17/17 MP: 1/1
   366 | D:3      | Noticed Sigmund
   516 | D:2      | Reached skill level 1 in Armour
   516 | D:2      | Reached XP level 2. HP: 23/23 MP: 2/2
   817 | D:2      | Reached XP level 3. HP: 29/29 MP: 3/3
   824 | D:2      | Reached skill level 2 in Armour
  1138 | D:3      | Found a shimmering altar of Xom.
  1154 | D:3      | Found a shimmering altar of Xom.
  1156 | D:3      | Found a shimmering altar of Xom.
  1160 | D:3      | Found a shimmering altar of Xom.
  1160 | D:3      | Found a shimmering altar of Xom.
  1167 | D:3      | Found a shimmering altar of Xom.
  1168 | D:3      | Found a shimmering altar of Xom.
  1324 | D:3      | Found a hazy altar of Hepliaklqana.
  1345 | D:3      | Reached XP level 4. HP: 16/35 MP: 4/4
  2238 | D:5      | Entered Level 5 of the Dungeon
  2251 | D:4      | Noticed an ogre
  2262 | D:4      | Killed an ogre
  2262 | D:4      | Reached skill level 5 in Crossbows
  2262 | D:4      | Reached skill level 3 in Armour
  2262 | D:4      | Reached XP level 5. HP: 42/42 MP: 5/5
  2294 | D:4      | Found a staircase to the Ecumenical Temple.
  2304 | Temple   | Entered the Ecumenical Temple
  2324 | Temple   | Became a worshipper of Warmaster Okawaru
  2634 | D:1      | Reached skill level 4 in Armour
  2933 | D:1      | Reached XP level 6. HP: 48/48 MP: 6/6
  4029 | D:2      | Found a runed translucent door.
  4030 | D:2      | Noticed Crazy Yiuf
  4046 | D:2      | Noticed Terence
  4054 | D:2      | Killed Terence
  4251 | D:2      | Found a sacrificial altar of Ru.
  4254 | D:2      | Found a shattered altar of Ashenzari.
  4255 | D:2      | Found a white marble altar of Elyvilon.
  4255 | D:2      | Found a radiant altar of Vehumet.
  4255 | D:2      | Found a shimmering blue altar of Sif Muna.
  4257 | D:2      | Found an ornate altar of the Wu Jian Council.
  4261 | D:2      | Found a bloodstained altar of Trog.
  4576 | D:3      | Killed Sigmund
  4576 | D:3      | Reached skill level 1 in Invocations
  4576 | D:3      | Reached XP level 7. HP: 43/54 MP: 7/7
  5721 | D:4      | Found Hahu Xest's Distillery.
  5927 | D:4      | Bought a potion of heal wounds for 55 gold pieces
  5927 | D:4      | Bought a potion of curing for 33 gold pieces
  5943 | D:4      | Reached skill level 5 in Armour
  6712 | D:5      | HP: 2/54 [orc priest/divine providence (15)]
  6715 | D:5      | Reached XP level 8. HP: 17/60 MP: 10/10
  6944 | D:5      | Found a snail-covered altar of Cheibriados.
  7062 | D:5      | Reached skill level 6 in Armour
  7257 | D:5      | Noticed Duvessa
  7257 | D:5      | Noticed Dowan
  7276 | D:5      | Killed Duvessa
  7276 | D:5      | Reached * piety under Okawaru
  7283 | D:5      | Killed Dowan
  7838 | D:5      | Reached skill level 7 in Armour
  8159 | D:6      | Noticed Maggie
  8174 | D:6      | Killed Maggie
  8174 | D:6      | Reached ** piety under Okawaru
  8174 | D:6      | Reached skill level 8 in Armour
  8174 | D:6      | Reached XP level 9. HP: 21/65 MP: 11/11
  8751 | D:5      | Noticed a rust devil
  8751 | D:5      | Noticed a rust devil
  8866 | D:6      | Reached skill level 9 in Armour
 10003 | D:7      | Reached *** piety under Okawaru
 10003 | D:7      | Reached skill level 10 in Crossbows
 10003 | D:7      | Reached skill level 10 in Armour
 10022 | D:7      | Received a gift from Okawaru
 10064 | D:7      | Noticed Prince Ribbit
 10075 | D:7      | Killed Prince Ribbit
 10595 | D:8      | Reached XP level 10. HP: 67/71 MP: 12/12
 10661 | D:8      | Reached skill level 11 in Armour
 10849 | D:9      | Reached skill level 5 in Fighting
 10991 | D:8      | Found a glowing golden altar of the Shining One.
 11023 | D:9      | Got a slimy leather armour
 11188 | D:9      | Identified the cursed +0 leather armour "Ekhlefarch"
                  | {Dex+2} (You found it on level 9 of the Dungeon)
 11240 | D:10     | Entered Level 10 of the Dungeon
 11382 | D:9      | Reached **** piety under Okawaru
 12252 | D:10     | Found a staircase to the Lair.
 12308 | Lair:1   | Entered Level 1 of the Lair of Beasts
 12342 | Lair:1   | Noticed Urug
 12353 | Lair:1   | Killed Urug
 12353 | Lair:1   | Received a gift from Okawaru
 12353 | Lair:1   | Reached skill level 10 in Fighting
 12560 | Lair:1   | Reached skill level 1 in Evocations
 12921 | Lair:1   | Noticed a spiny frog
 12930 | Lair:1   | Killed a spiny frog
 12930 | Lair:1   | Received a gift from Okawaru
 12930 | Lair:1   | Reached XP level 11. HP: 90/90 MP: 12/14
 13932 | Lair:2   | HP: 3/90 [crocodile (9)]
 13935 | Lair:2   | Mangled by a crocodile

Illustrated notes

Levels and vault maps discovered:
D:1:      evilmike_arrival_hilbert_curve, layout_loops_ring
D:2:      layout_basic, minitemple, uniq_crazy_yiuf_cottage, uniq_terence
D:3:      layout_loops_corners, lemuel_crystal_altar, overflow_temple_1_default,
          xom_redecorated, uniq_sigmund
D:4:      layout_basic, minmay_temple_entry_statues_fountains, serial_shops,
          shop, minmay_misc_feat_columns, corexii_checkpoint_a
D:5:      cheibrodos_iron_armory, layout_gridville, basic_altar, first_ration,
          uniq_duvessa
D:6:      layout_gridville, uniq_maggie
D:7:      layout_basic, enter_bailey_2, uniq_prince_ribbit1
D:8:      layout_gridville, tso_oasis_becter
D:9:      layout_rooms
D:10:     minmay_the_grid_triangle_9x9_rhombus_full
          [minmay_the_grid_triangle_9x9_longest,
          minmay_the_grid_triangle_9x9_zippers_horizontal,
          minmay_the_grid_triangle_9x9_zippers_vertical,
          minmay_the_grid_triangle_9x9_subtriangle,
          minmay_the_grid_triangle_9x9_steps,
          minmay_the_grid_triangle_9x9_sprig,
          minmay_the_grid_triangle_9x9_wacky_v,
          minmay_the_grid_triangle_9x9_prize_center], layout_loops_ring,
          dpeg_oklobed_lair, hangedman_stone_soup
Temple:   minmay_temple_bridge_abc
Lair:1:   layout_roguey, serial_bayou_shore_b, uniq_urug
Lair:2:   layout_roguey, grunt_megastairs_5, infiniplex_staircase_pool_2,
          lemuel_fruit_fields
Lair:3:   layout_gridlike, palyth_hydra_swamp_entry,
          nicolae_spider_entry_orb_guardian, nicolae_volcano_entry_s_turn

Skill      XL: |  1  2  3  4  5  6  7  8  9 10 11 |
---------------+----------------------------------+-----
Armour         | 1 2 3 4 5 8 10 11 | 11.0
Fighting       | 3 4 10 | 10.0
Crossbows      | 5 6 7 8 10 | 10.0
Invocations    | 1 2 3 4 |  4.8
Evocations     | 3 4 |  4.3
Dodging        | |  2.1
Stealth        | |  0.8

Action                   |  1- 3 |  4- 6 |  7- 9 | 10-12 || total
-------------------------+-------+-------+-------+-------++-------
Melee: Short sword       |    75 |    11 |       |       ||    86
       Whip              |       |   199 |    44 |       ||   243
       Hand axe          |       |       |   215 |   101 ||   316
       Punch             |       |       |       |     1 ||     1
 Fire: Hand crossbow     |    16 |    43 |   203 |   204 ||   466
Throw: Dart              |       |     5 |    16 |       ||    21
Invok: Heroism           |       |       |       |     2 ||     2
 Abil: Hop               |     1 |     4 |     7 |     4 ||    16
  Use: Scroll            |     3 |       |    10 |     2 ||    15
       Potion            |       |     2 |     8 |     2 ||    12
  Eat: Chunk             |     2 |    11 |    17 |    10 ||    40
       Ration            |       |       |     1 |       ||     1
Armor: Leather armour    |    46 |       |       |       ||    46
       Ring mail         |       |    74 |       |       ||    74
       Scale mail        |       |    15 |   124 |       ||   139
       Skin              |       |     5 |       |       ||     5
       Swamp dragon scal |       |       |    63 |    79 ||   142
Dodge: Dodged            |    71 |   124 |   204 |   111 ||   510
